 Dungeon Crawl Stone Soup version 0.27.1 (webtiles) character file.

Game seed: 13366759395710833464

367 nxtlvl the Cutter (level 6, -7/36 HPs)
             Began as a Deep Elf Monk on Aug 29, 2021.
             Killed by divine providence
             ... invoked by an orc priest
              (10 damage)
             ... on level 5 of the Dungeon.
             The game lasted 00:10:03 (1094 turns).

nxtlvl the Cutter (Deep Elf Monk)                   Turns: 1094, Time: 00:10:04

Health: -7/36      AC:  5    Str:  8    XL:     6   Next: 41%
Magic:  8/8        EV: 11    Int: 17    God:
Gold:   200        SH:  5    Dex: 17    Spells: 5/5 levels left

rFire    . . .     SeeInvis .   a - +0 short sword (venom)
rCold    . . .     Faith    .   (no shield)
rNeg     . . .     Spirit   .   c - +0 ring mail
rPois    .         Reflect  +   (no helmet)
rElec    .         Harm     .   (no cloak)
rCorr    .         Rampage  .   (no gloves)
Will     .....                  (no boots)
Stlth    ++........             d - amulet of reflection
HPRegen  0.12/turn              (no ring)
MPRegen  0.11/turn              (no ring)

@: no status effects
A: no striking features
a: no special abilities


You were on level 5 of the Dungeon.
You visited 1 branch of the dungeon, and saw 6 of its levels.

You collected 200 gold pieces.

Inventory:

Hand Weapons
 a - a +0 short sword of venom (weapon)
 b - a +2 vampiric dagger
Missiles
 h - 57 arrows
Armour
 c - a +0 ring mail (worn)
Magical Staves
 n - a staff of earth
Jewellery
 d - an amulet of reflection (around neck)
Scrolls
 g - a scroll of enchant armour {unknown}
 i - 3 scrolls of fog {unknown}
 j - a scroll of enchant weapon {unknown}
 k - 2 scrolls of identify {unknown}
 l - a scroll of summoning {unknown}
Potions
 e - a potion of ambrosia {unknown}
 f - a potion of flight {unknown}
 m - a potion of brilliance {unknown}
 o - 4 potions of curing {unknown}


   Skills:
 - Level 2.4 Fighting
 + Level 7.3 Short Blades
 + Level 3.6 Dodging
 + Level 2.4 Stealth


You had 5 spell levels left.
You didn't know any spells.
Your spell library was empty.

Dungeon Overview and Level Annotations

Branches:
Dungeon (6/15)
 Temple: D:4-7

Altars:
Gozag


Message History

k - 2 scrolls labelled COEDUOROZXU (gained 1)
Found a lumpy pink potion.
An orc priest comes into view. It is wielding a +0 mace.
An orc and an orc wizard come into view.
The orc priest mumbles some strange prayers to Beogh against you.
Pain shoots through your body!
An orc wizard and a howler monkey come into view.
Found a stone staircase leading down.
The orc wizard shouts!
The orc priest begins to cast a cantrip, but forgets the words!
The orc wizard shouts!
An orc comes into view. It is wielding a +0 hand axe.
An orc priest opens the gate.
Found an opulent altar of Gozag. 4 gnolls come into view.
You see here a lumpy pink potion.
You hit the orc priest but do no damage.
The orc priest is poisoned.
The gnoll shouts!
You closely miss the orc priest.
The orc priest is moderately wounded.
The gnoll shouts!
The orc wizard mumbles some strange words.
The orc wizard flickers and vanishes!
Deactivating autopickup; reactivate with Ctrl-A.
The gnoll shouts!
The orc wizard gestures at you while chanting.
The puff of flame hits you. The orc priest hits you with a +0 mace.
The gnoll hits you with a +0 whip.
The howler monkey hoots and howls with incredible vigour!
The orc priest calls down the wrath of Beogh upon you.
Beogh smites you!
* * * LOW HITPOINT WARNING * * *
The gnoll hits you with a +0 whip.
* * * LOW HITPOINT WARNING * * *
The orc priest miscasts a cantrip.
You block the gnoll's attack.
The orc priest invokes the aid of Beogh against you.
Beogh smites you!
You die...

#.# #.# #.#
#.# #.# #.#
#.# #.# #.#
#.# #.# #.#
#.#
#.#########
#######.#
#........<#
#.....#@#
###########
#.≈≈≈.#.#
#..g≈.gg#
#._.≈.'o#
#...≈.o!#
#.≈≈≈.#h#
#...g.#.#
#######o#
#o.


You could see a howler monkey (catching breath), an orc priest (very poisoned),
an orc wizard, 3 gnolls and an orc.

Vanquished Creatures
  A sky beast (D:5)
  A black bear (D:4)
  Blork the orc (D:5)
  An iguana (D:5)
  An orc wizard (D:5)
  2 hound skeletons
  2 adders
  7 orcs
  An endoplasm (D:3)
  3 goblins
  A hobgoblin (D:4)
  2 jackals (D:4)
  A kobold (D:4)
  A quokka (D:5)
  3 ball pythons
  A bat (D:3)
29 creatures vanquished.

Vanquished Creatures (others)
  6 plants (D:4)
6 creatures vanquished.

Grand Total: 35 creatures vanquished

Notes
Turn   | Place    | Note
-------+----------+-------------------------------------------
     0 | D:1      | nxtlvl the Deep Elf Monk began the quest for the Orb.
     0 | D:1      | Reached XP level 1. HP: 13/13 MP: 3/3
   278 | D:4      | Noticed a scorpion
   356 | D:3      | Reached XP level 2. HP: 18/18 MP: 4/4
   386 | D:5      | Entered Level 5 of the Dungeon
   503 | D:5      | Noticed a sky beast
   556 | D:4      | Noticed a black bear
   559 | D:4      | Killed a black bear
   560 | D:4      | Reached skill level 5 in Short Blades
   560 | D:4      | Reached XP level 3. HP: 22/22 MP: 5/5
   560 | D:4      | Reached XP level 4. HP: 27/27 MP: 6/6
   732 | D:5      | Noticed Blork the orc
   745 | D:5      | Killed Blork the orc
   746 | D:5      | Reached skill level 6 in Short Blades
   746 | D:5      | Reached XP level 5. HP: 23/31 MP: 7/7
   988 | D:5      | Reached XP level 6. HP: 28/36 MP: 8/8
  1045 | D:5      | Killed a sky beast
  1046 | D:5      | Reached skill level 7 in Short Blades
  1088 | D:5      | Found an opulent altar of Gozag.
  1094 | D:5      | Killed from afar by an orc priest

Illustrated notes

Levels and vault maps discovered:
D:1:      dpeg_arrival_concentric_ovals, layout_basic,
          ebering_ecumenical_altar_abandoned
D:2:      layout_basic
D:3:      layout_loops_ring, nicolae_overflow_crystal_walls,
          amcnicky_altar_gilded, uniq_crazy_yiuf_cottage
D:4:      layout_loops_ring, kennysheep_big_empty_room, serial_bayou_lake_a
D:5:      layout_basic, mainiacjoe_overflow_alcove_4,
          minmay_temple_entry_nine_rooms, uniq_blork_the_orc
D:6:      layout_basic

Skill      XL: |  1  2  3  4  5  6 |
---------------+-------------------+-----
Short Blades   | 5 6 7 |  7.3
Fighting       | |  2.4
Dodging        | |  3.6
Stealth        | |  2.4

Action                   |  1- 3 |  4- 6 || total
-------------------------+-------+-------++-------
Melee: Short sword       |    26 |    94 ||   120
Evoke: Wand              |     2 |     3 ||     5
 Stab: Sleeping          |     1 |     1 ||     2
Armor: Ring mail         |     6 |    19 ||    25
Dodge: Dodged            |     8 |    38 ||    46
Block: Other             |     3 |    16 ||    19
